 Dungeon Crawl Stone Soup version 0.16.2-2-g470672f (webtiles) character file.

190819 CcS the Carver (level 17, -3/136 HPs)
             Began as a Demigod Fire Elementalist on Sept 2, 2015.
             Slain by an eight-headed hydra (7 damage)
             ... while paralysed by a hornet
             ... on level 3 of the Swamp on Sept 5, 2015.
             The game lasted 02:44:37 (54258 turns).

CcS the Carver (Demigod Fire Elementalist)         Turns: 54258, Time: 02:44:37

Health: -3/136     AC: 28    Str: 21    XL:     17   Next: 0%
Magic:  41/45      EV:  2    Int: 29    God:
Gold:   3046       SH:  0    Dex: 18    Spells: 10 memorised, 2 levels left

rFire  + . .     SeeInvis .     I - +7 scimitar (elec)
rCold  . . .     Clarity  .     d - +8 ring mail "Pedeuvuv" {Int+4 Slay+2}
rNeg   . . .     SustAb   +     w - +0 shield {reflect}
rPois  .         Gourm    +     o - +2 helmet
rElec  .         Spirit   .     K - +2 cloak
rCorr  .         Warding  .     e - +2 pair of gloves
rMut   .         Stasis   .     q - +2 pair of boots
MR     +....                    Z - amulet of the gourmand {Gourm, !d}
Stlth  +.........               Q - ring of magical power {MP+9}
                                J - ring of Plaowops {+Fly rF+ Str+4 Int+4}

@: paralysed, lethally poisoned (-3 -> -7), about to teleport, repel missiles,
somewhat resistant to hostile enchantments, very unstealthy
A: sustain abilities
a: Evoke Flight
}: 1/15 runes: serpentine


You were on level 3 of the Swamp.
You were not hungry.

You visited 5 branches of the dungeon, and saw 35 of its levels.

You collected 3866 gold pieces.
You spent 820 gold pieces at shops.

Inventory:

Hand weapons
 A - a +4 scimitar of flaming
   (You took it off an efreet on level 12 of the Dungeon)
 I - a +7 scimitar of electrocution (weapon)
   (You took it off Blork the orc on level 6 of the Dungeon)
Missiles
 B - 6 throwing nets {=f, !d}
Armour
 d - the +8 ring mail "Pedeuvuv" (worn) {Int+4 Slay+2}
   (You bought it in a shop on level 7 of the Dungeon)

   It affects your intelligence (+4).
   It affects your accuracy and damage with ranged weapons and melee attacks
   (+2).
 e - a +2 pair of gloves (worn)
   (You found it on level 12 of the Dungeon)
 o - a +2 helmet (worn)
   (You found it on level 1 of the Dungeon)
 q - a +2 pair of boots (worn)
   (You found it on level 2 of the Dungeon)
 w - a +0 shield of reflection (worn)
   (You took it off Donald on level 5 of the Snake Pit)
 K - a +2 cloak (worn)
   (You found it on level 8 of the Dungeon)
Jewellery
 r - a cursed ring of teleportation {+/*tele, !d}
   (You found it on level 1 of the Snake Pit)
 C - an uncursed amulet of warding {Ward, rN+, !d}
   (You found it on level 5 of the Dungeon)
 J - the ring of Plaowops (left hand) {+Fly rF+ Str+4 Int+4}
   (You found it on level 11 of the Dungeon)

   [ring of strength]

   It affects your strength (+4).
   It affects your intelligence (+4).
   It protects you from fire.
   It lets you fly.
 N - an uncursed amulet of resist mutation {rMut, !d}
   (You found it on level 12 of the Dungeon)
 Q - a ring of magical power (right hand) {MP+9}
   (You found it on level 5 of the Lair of Beasts)
 R - an uncursed ring of protection from cold {rC+, !d}
   (You found it on level 2 of the Snake Pit)
 Z - an amulet of the gourmand (around neck) {Gourm, !d}
   (You found it on level 5 of the Lair of Beasts)
Magical devices
 c - a wand of polymorph (11)
   (You found it on level 3 of the Swamp)
 f - a wand of disintegration (8)
   (You found it on level 2 of the Lair of Beasts)
 m - a wand of cold (7)
   (You found it on level 1 of the Swamp)
 n - a wand of digging (8)
   (You found it on level 5 of the Dungeon)
 D - a wand of hasting (6)
   (You found it on level 5 of the Dungeon)
 F - a wand of cold (11)
   (You found it on level 2 of the Snake Pit)
 O - a wand of frost (15)
   (You found it on level 3 of the Swamp)
 P - a wand of disintegration (13)
   (You found it on level 2 of the Swamp)
 S - a wand of digging (19)
   (You found it on level 2 of the Swamp)
 W - a wand of flame (29)
   (You found it on level 3 of the Swamp)
Scrolls
 j - 6 scrolls of teleportation
 s - 9 scrolls of magic mapping {!r}
 t - 4 scrolls of remove curse
 u - 19 scrolls of identify
 v - 4 scrolls of amnesia
 y - a scroll of silence
 z - 3 scrolls of fog
 Y - 4 scrolls of fear
Potions
 a - 5 potions of might
 b - 2 potions of flight {unknown}
 g - 2 potions of heal wounds
 h - 5 potions of restore abilities
 i - 2 potions of ambrosia {!q}
 k - 3 potions of magic
 l - 5 potions of haste
 E - 4 potions of cancellation
 H - 3 potions of cure mutation {!q}
 L - 14 potions of curing
 V - 3 potions of agility
 X - 5 potions of brilliance
Books
 p - a book of Necromancy
   (You found it on level 1 of the Snake Pit)
 x - a book of Alchemy
   (You found it on level 1 of the Swamp)
Miscellaneous
 M - a fan of gales
   (You found it on level 12 of the Dungeon)
Comestibles
 G - 3 meat rations {@e2}
 T - a bread ration {@e1}
 U - a beef jerky


   Skills:
 - Level 8.4 Fighting
 - Level 14.0 Long Blades
 - Level 8.0 Armour
 - Level 12.0 Dodging
 - Level 1.7 Stealth
 + Level 9.0 Shields
 - Level 9.7 Spellcasting
 - Level 10.2 Conjurations
 - Level 5.2 Charms
 - Level 9.0 Fire Magic
 - Level 5.1 Air Magic
 - Level 5.4 Poison Magic


You had 2 spell levels left.
You knew the following spells:

 Your Spells              Type           Power        Failure   Level  Hunger
a - Mephitic Cloud        Conj/Pois/Air  ######..     2%          3    None
b - Conjure Flame         Conj/Fire      ######..     1%          3    None
c - Sticky Flame          Conj/Fire      ######..     2%          4    None
d - Fireball              Conj/Fire      ######....   10%         5    ###....
e - Repel Missiles        Chrm/Air       #####.       2%          2    None
f - Swiftness             Chrm/Air       #####...     2%          2    None
g - Fulminant Prism       Conj/Hex       #####.....   17%         4    None
h - Cure Poison           Pois           #####.....   2%          2    None
i - Venom Bolt            Conj/Pois      ######....   17%         5    ###....
j - Regeneration          Chrm/Necr      ####......   14%         3    None


Dungeon Overview and Level Annotations

Branches:
Dungeon (15/15)            Temple (0/1) D:7            Lair (8/8) D:8
  Swamp (3/5) Lair:6        Snake (5/5) Lair:3        Slime (0/6) Lair:7
    Orc (4/4) D:9             Elf (0/3) Orc:4        Vaults (0/5) D:13
 Depths (0/5) D:15

Shops:
D:3 *   D:7 =:}}*   D:11 !   Orc:1 !   Orc:4 **(*

Annotations:
Lair:8 1 exclusion


Innate Abilities, Weirdness & Mutations

Your attributes are resistant to harm.


Message History

Moving in this stuff is going to be slow.
The eight-headed hydra burns! x2
You block the slime creature's attack. The hornet misses you.
The eight-headed hydra bites you but does no damage. x2
You block the eight-headed hydra's attack.
The eight-headed hydra bites you! The eight-headed hydra misses you.
The eight-headed hydra barely misses you.
You block the eight-headed hydra's attack.
The eight-headed hydra bites you but does no damage.
A very large slime creature splits.
You take 7 damage, and have 89/136 hp.
The eight-headed hydra burns! x2
You block the hornet's attack.
The eight-headed hydra burns!
The hornet stings you!
You are poisoned.
You suddenly lose the ability to move!
The hornet stings you.
You are more poisoned.
You feel yourself slow down.
Two slime creatures merge to form a large slime creature.
You feel very sick.
The flames covering the eight-headed hydra go out.
The eight-headed hydra stops burning.
The hornet stings you!
You are more poisoned.
You shrug off the repeated paralysis!
The eight-headed hydra bites you.
The eight-headed hydra bites you but does no damage. x2
The eight-headed hydra completely misses you.
The eight-headed hydra bites you but does no damage.
The eight-headed hydra bites you.
The eight-headed hydra bites you but does no damage. x2
The hornet stings you but does no damage.
A large slime creature splits.
You feel very sick.
The hornet stings you but does no damage.
The eight-headed hydra bites you but does no damage. x3
The eight-headed hydra barely misses you.
The eight-headed hydra bites you!
* * * LOW HITPOINT WARNING * * *
The eight-headed hydra bites you but does no damage. x3
You can move again.
You take 53 damage, and have 37/136 hp.
MASSIVE DAMAGE!!
Read which item? (? for menu, Esc to quit)
Okay, then.
Drink which item? (? for menu, Esc to quit)
You feel much better.
You feel very sick. The hornet barely misses you.
The eight-headed hydra completely misses you.
The eight-headed hydra misses you.
You block the eight-headed hydra's attack.
The eight-headed hydra bites you but does no damage. x2
The eight-headed hydra misses you.
You block the eight-headed hydra's attack.
The eight-headed hydra bites you but does no damage.
You block the hornet's attack.
The slime creature hits you but does no damage.
A slime creature suddenly becomes a large slime creature.
The eight-headed hydra closely misses you.
The eight-headed hydra bites you but does no damage. x2
The eight-headed hydra closely misses you.
You block the eight-headed hydra's attack.
The eight-headed hydra bites you but does no damage.
The eight-headed hydra bites you!
The eight-headed hydra closely misses you.
The hornet stings you but does no damage.
You regained 4 hp, and now have 41/136 hp.
Unknown command.
Drink which item? (? for menu, Esc to quit)
You feel better.
You feel yourself speed up.
The hornet stings you but does no damage.
You block the eight-headed hydra's attack.
The eight-headed hydra misses you.
You block the eight-headed hydra's attack.
The eight-headed hydra closely misses you.
The eight-headed hydra barely misses you. x2
The eight-headed hydra bites you but does no damage.
You block the eight-headed hydra's attack.
A slime creature suddenly becomes a very large slime creature.
The hornet completely misses you.
You regained 11 hp, and now have 52/136 hp.
Unknown command.
Read which item? (? for menu, Esc to quit)
As you read the scroll of teleportation, it crumbles to dust.
You feel strangely unstable.
The slime creature quivers.
The hornet stings you!!
* * * LOW HITPOINT WARNING * * *
You are poisoned.
You suddenly lose the ability to move!
The eight-headed hydra bites you but does no damage.
The eight-headed hydra bites you!
* * * LOW HITPOINT WARNING * * *
The eight-headed hydra bites you!
* * * LOW HITPOINT WARNING * * *
The eight-headed hydra bites you but does no damage. x2
The eight-headed hydra bites you!
* * * LOW HITPOINT WARNING * * *
The eight-headed hydra bites you!
You die...

♣..########..♣≈..♣ ♣♣≈≈..♣♣
♣♣...........♣≈?.♣ ♣♣(...♣♣
♣≈...........≈≈≈♣♣ ♣≈≈≈†♣♣
♣♣♣♣♣≈...≈.........♣♣ ♣.≈≈.♣
...♣♣./≈≈...≈.....≈.♣♣ ♣≈≈≈≈♣
♣≈≈[≈...≈≈≈≈...♣..≈.≈♣♣♣...♣♣
♣≈≈♣≈≈≈≈≈..≈♣..♣......♣.≈≈.♣
..≈≈..≈...♣.♣..J♣y♣≈.♣♣).(♣♣
.....♣≈≈♣≈≈.♣♣≈♣@D.♣♣♣♣.≈≈.♣
.♣♣♣≈≈≈≈≈≈≈.♣♣♣♣♣.♣♣♣♣♣.≈.♣♣
♣♣ ♣♣≈.≈≈≈♣.♣ ♣♣♣.♣♣....♣
♣♣..≈≈≈.♣ ♣♣♣.≈♣...♣≈.♣
♣♣≈.≈≈.♣♣♣....§.≈≈≈≈.♣
♣♣.≈.≈♣≈≈.♣♣.≈≈≈≈≈≈.♣
♣.≈≈≈..≈≈♣♣.≈≈§.≈≈.♣
♣.≈≈≈≈♣≈≈≈≈...≈.≈≈.♣
♣≈≈..≈≈♣≈≈≈≈≈≈≈.≈≈.♣


You could see an eight-headed hydra, a very large slime creature and a hornet.

Vanquished Creatures
  Rupert (Lair:8)
  7 greater nagas
  Donald (Snake:5)
  Maud (Lair:8)
  5 vault guards
  Fannar (Lair:1)
  Harold (D:10)
  17 naga warriors
  9 anacondas
  12 hydras
  Erica (Orc:4)
  2 catoblepae
  3 centaur warriors
  3 alligators
  An ogre mage (D:13)
  A vampire mage (D:15)
  3 orc high priests (Orc:4)
  9 naga sharpshooters
  A titan zombie (D:15)
  4 shock serpents
  5 salamander mystics
  2 skeletal warriors (D:15)
  A wizard (D:12)
  Erolcha (D:9)
  5 hill giants
  4 orc knights (Orc:4)
  5 swamp dragons
  5 naga ritualists
  A necromancer (D:15)
  A sphinx zombie (D:15)
  An unseen horror (D:13)
  3 griffons
  6 orc sorcerers
  14 salamanders
  A sixfirhy (Orc:4)
  2 hornets
  2 cyclopes
  29 black mambas
  5 ugly things (D:15)
  12 mana vipers
  4 manticores
  Maurice (Orc:2)
  Joseph (D:8)
  26 naga magi
  A guardian serpent (Snake:3)
  A fire giant skeleton (D:15)
  A torpor snail (Lair:6)
  5 centaur skeletons
  Psyche (D:10)
  2 gargoyles
  16 spiny frogs
  A kobold demonologist (D:15)
  4 fire drakes
  An efreet (D:12)
  12 komodo dragons
  A queen bee (Lair:1)
  A freezing wraith (D:15)
  A polar bear (Lair:8)
  7 trolls
  9 slime creatures
  A raven (Lair:5)
  16 blink frogs
  5 giant leeches
  2 bog bodies
  2 basilisks
  A centaur simulacrum (D:15)
  A spriggan (Swamp:2)
  3 wyverns
  2 hungry ghosts
  A shadow (D:13)
  2 humans (D:13)
  Eustachio (Orc:1)
  A hill giant zombie (D:9)
  36 yaks
  3 fire bats (Lair:4)
  A wraith (D:14)
  Grum (D:10)
  12 wolves
  6 hippogriffs
  2 mottled dragons
  5 insubstantial wisps (Swamp:3)
  17 swamp worms
  Edmund (D:4)
  79 nagas
  27 orc warriors
  28 vampire mosquitoes
  13 porcupines
  4 wargs
  4 black bears
  11 ice beasts
  5 swamp drakes
  2 sky beasts
  34 water moccasins
  3 wasps
  3 necrophages
  A sky beast (shapeshifter) (D:15)
  A boring beetle (Lair:7)
  5 eyes of draining
  2 phantoms
  15 centaurs
  20 crocodiles
  6 ogres
  2 big kobolds (D:15)
  A yaktaur zombie (D:15)
  Blork the orc (D:6)
  17 giant frogs
  A wyvern zombie (D:10)
  A gnoll sergeant (D:9)
  A wyvern skeleton (D:9)
  6 scorpions
  3 troll zombies (D:9)
  3 electric eels
  18 wights
  24 killer bees
  2 yak skeletons (Orc:4)
  5 centaur zombies
  2 goliath beetles
  A wasp zombie (D:8)
  10 crimson imps
  2 giant frog zombies
  5 jellies
  51 orc wizards
  29 orc priests
  4 giant frog skeletons
  A gnoll shaman (D:6)
  13 hounds
  7 iguanas
  7 worker ants
  11 sheep
  4 ogre zombies (D:9)
  A mummy (D:12)
  A hound skeleton (D:9)
  Robin (D:3)
  7 gnolls
  29 adders
  3 giant mites
  3 white imps (D:11)
  91 river rats
  3 worms
  2 giant eyeballs (D:10)
  5 shadow imps
  An ufetubus (Orc:1)
  An adder zombie (D:8)
  An adder skeleton (D:5)
  7 giant geckos
  An ooze (D:3)
  203 orcs
  5 ball pythons
  2 bat zombies
  7 giant cockroaches
  37 goblins
  32 hobgoblins
  9 jackals
  13 kobolds
  15 quokkas
  10 bats
  9 giant newts
  A giant spore (D:8)
  A goblin skeleton (D:9)
  2 goblin zombies (D:9)
  A hobgoblin skeleton (D:9)
  7 hobgoblin zombies (D:9)
  19 orc zombies
  2 quokka skeletons
  19 rats
  5 rat skeletons (Orc:4)
  4 ballistomycetes (D:8)
  A bush (Lair:7)
  2 fungi
1464 creatures vanquished.

Vanquished Creatures (others)
  An unseen horror (D:13)
  A naga (Snake:5)
  2 giant spores (D:8)
  A kobold (D:15)
  6 rat skeletons (Orc:4)
  2 ballistomycetes (D:8)
  2 bushes (Lair:8)
  16 fungi
  18 plants
49 creatures vanquished.

Grand Total: 1513 creatures vanquished

Notes
Turn   | Place    | Note
--------------------------------------------------------------
     0 | D:1      | CcS, the Demigod Fire Elementalist, began the quest for the Orb.
     0 | D:1      | Reached XP level 1. HP: 14/14 MP: 3/3
    56 | D:1      | Reached skill level 1 in Conjurations
   782 | D:1      | Reached skill level 2 in Conjurations
   782 | D:1      | Reached XP level 2. HP: 20/20 MP: 1/4
  1680 | D:2      | Reached XP level 3. HP: 19/26 MP: 0/7
  1916 | D:2      | Reached skill level 3 in Conjurations
  2287 | D:2      | Learned a level 3 spell: Conjure Flame
  2732 | D:2      | Reached XP level 4. HP: 21/33 MP: 0/9
  2989 | D:3      | Found a basalt altar of Yredelemnul.
  3023 | D:3      | Found an iron altar of Okawaru.
  3032 | D:3      | Found a sacrificial altar of Ru.
  3300 | D:3      | Found a radiant altar of Vehumet.
  3300 | D:3      | Found a burning altar of Makhleb.
  3312 | D:3      | Reached skill level 3 in Fire Magic
  3313 | D:3      | Reached skill level 4 in Conjurations
  3509 | D:3      | Found a snail-covered altar of Cheibriados.
  3651 | D:3      | Found Gozag's Platinum Reserve.
  3651 | D:3      | Found an opulent altar of Gozag.
  3725 | D:3      | Reached XP level 5. HP: 31/38 MP: 3/10
  3805 | D:3      | Noticed Robin
  3951 | D:3      | Reached skill level 4 in Fire Magic
  3971 | D:3      | Killed Robin
  4585 | D:4      | HP: 8/38 [orc priest/nerve-wracking pain (14)]
  5099 | D:4      | Noticed a phantom
  5135 | D:4      | Killed a phantom
  5135 | D:4      | Reached skill level 5 in Fire Magic
  5135 | D:4      | Reached XP level 6. HP: 45/45 MP: 13/13
  5275 | D:4      | Noticed Edmund
  5282 | D:4      | Learned a level 4 spell: Sticky Flame
  5291 | D:4      | Killed Edmund
  5431 | D:5      | Entered Level 5 of the Dungeon
  5573 | D:5      | Reached skill level 6 in Fire Magic
  5748 | D:5      | Reached XP level 7. HP: 43/50 MP: 6/15
  5936 | D:5      | Reached skill level 5 in Conjurations
  6680 | D:5      | Reached skill level 6 in Conjurations
  6986 | D:5      | Reached skill level 2 in Spellcasting
  7487 | D:5      | Reached skill level 3 in Spellcasting
  7724 | D:6      | Noticed Blork the orc
  7954 | D:5      | Reached XP level 8. HP: 45/57 MP: 15/20
  8069 | D:5      | Reached skill level 4 in Spellcasting
  8357 | D:6      | Reached skill level 1 in Armour
  8444 | D:6      | Reached skill level 2 in Armour
  8519 | D:6      | Reached skill level 3 in Armour
  8532 | D:6      | Reached skill level 4 in Armour
  8539 | D:6      | Killed Blork the orc
  8834 | D:6      | Reached skill level 5 in Armour
  9196 | D:6      | Reached skill level 1 in Long Blades
  9200 | D:6      | HP: 11/57 [orc wizard/magic dart (7)]
  9505 | D:6      | Reached skill level 2 in Long Blades
  9537 | D:6      | Reached XP level 9. HP: 53/62 MP: 5/22
  9580 | D:6      | Reached skill level 3 in Long Blades
  9690 | D:6      | Found a bloodstained altar of Trog.
  9717 | D:6      | Reached skill level 4 in Long Blades
  9979 | D:7      | Reached skill level 5 in Long Blades
 10001 | D:7      | Found Emomm's Gadget Boutique.
 10022 | D:7      | Found Jeattoy's Assorted Antiques.
 10027 | D:7      | Bought a shimmering ring mail for 162 gold pieces
 10037 | D:7      | Identified the +8 ring mail "Pedeuvuv" {Int+4 Slay+2} (You bought it in a shop on level 7 of the Dungeon)
 10241 | D:7      | Noticed a hill giant
 10266 | D:7      | Killed a hill giant
 10266 | D:7      | Reached skill level 6 in Long Blades
 10507 | D:7      | Found Bluet's Gadget Shoppe.
 10522 | D:7      | Found Phum's Jewellery Shoppe.
 10532 | D:7      | Found a staircase to the Ecumenical Temple.
 10585 | D:7      | Found Tudenut's Book Emporium.
 10736 | D:7      | Reached skill level 1 in Fighting
 10899 | D:7      | Reached skill level 2 in Fighting
 11164 | D:8      | Found a shattered altar of Ashenzari.
 11252 | D:8      | Noticed Joseph
 11278 | D:8      | Killed Joseph
 11278 | D:8      | Reached skill level 3 in Fighting
 11535 | D:8      | Found a flagged portal.
 11707 | D:8      | Found an ancient bone altar of Kikubaaqudgha.
 11710 | D:8      | Found a shadowy altar of Dithmenos.
 12161 | D:8      | Reached XP level 10. HP: 78/78 MP: 0/24
 12561 | D:8      | Reached skill level 7 in Fire Magic
 13009 | D:8      | Noticed a komodo dragon
 13010 | D:8      | Noticed a komodo dragon
 13039 | D:8      | Killed a komodo dragon
 13302 | D:7      | Reached skill level 7 in Conjurations
 13350 | D:7      | Killed a komodo dragon
 13367 | D:7      | Reached skill level 5 in Spellcasting
 13746 | D:8      | Found a staircase to the Lair.
 13849 | Lair:1   | Entered Level 1 of the Lair of Beasts
 13971 | Lair:1   | Noticed Fannar
 13978 | Lair:1   | Killed Fannar
 13978 | Lair:1   | Reached skill level 6 in Spellcasting
 14039 | Lair:1   | Reached skill level 2 in Dodging
 14121 | Lair:1   | Reached skill level 3 in Dodging
 14222 | Lair:1   | Found a labyrinth entrance.
 14297 | Lair:1   | Reached skill level 4 in Dodging
 14460 | Lair:1   | Reached skill level 6 in Armour
 14845 | Lair:1   | Reached XP level 11. HP: 67/83 MP: 19/28
 15119 | Lair:1   | Reached skill level 5 in Dodging
 15142 | Lair:1   | HP: 20/83 [poisoned by a killer bee]
 15147 | Lair:1   | HP: 18/83 [poisoned by a killer bee]
 15152 | Lair:1   | HP: 17/83 [poisoned by a killer bee]
 15159 | Lair:1   | HP: 17/83 [poisoned by a killer bee]
 15167 | Lair:1   | HP: 17/83 [poisoned by a killer bee]
 16053 | Lair:2   | Reached skill level 6 in Dodging
 16750 | Lair:3   | Reached skill level 7 in Dodging
 16992 | Lair:3   | Reached skill level 7 in Long Blades
 17113 | Lair:3   | Reached skill level 8 in Long Blades
 17594 | Lair:3   | Found a staircase to the Snake Pit.
 17665 | Lair:3   | Reached skill level 9 in Long Blades
 18804 | Lair:4   | Learned a level 5 spell: Fireball
 18915 | Lair:4   | Reached skill level 10 in Long Blades
 19601 | Lair:4   | Reached XP level 12. HP: 88/91 MP: 24/29
 19948 | Lair:5   | Reached skill level 7 in Spellcasting
 20016 | Lair:5   | You fall through a shaft!
 20110 | Lair:6   | Reached skill level 8 in Fire Magic
 20135 | Lair:6   | Found a staircase to the Swamp.
 20301 | Lair:6   | Noticed a six-headed hydra
 20306 | Lair:6   | Killed a six-headed hydra
 20420 | Lair:6   | Reached skill level 8 in Conjurations
 20591 | Lair:6   | Noticed a four-headed hydra
 20596 | Lair:6   | Killed a four-headed hydra
 20812 | Lair:6   | Reached skill level 8 in Dodging
 21267 | Lair:7   | Noticed a four-headed hydra
 21271 | Lair:7   | Killed a four-headed hydra
 21567 | Lair:7   | Reached skill level 9 in Dodging
 21888 | Lair:7   | Found a staircase to the Slime Pits.
 21889 | Lair:7   | Found a viscous altar of Jiyva.
 22626 | Lair:7   | Noticed a seven-headed hydra
 22630 | Lair:7   | Killed a seven-headed hydra
 22630 | Lair:7   | Reached skill level 1 in Shields
 22653 | Lair:7   | Noticed a five-headed hydra
 22666 | Lair:7   | Killed a five-headed hydra
 22931 | Lair:7   | Reached skill level 2 in Shields
 22931 | Lair:7   | Reached skill level 9 in Conjurations
 22936 | Lair:7   | Got a warped ring mail
 22947 | Lair:7   | Identified the +3 ring mail of the Komtur {rPois MP+9 Str-2 Int+2} (You found it on level 7 of the Lair of Beasts)
 22981 | Lair:7   | HP: 17/91 [komodo dragon (24)]
 23359 | Lair:7   | Reached XP level 13. HP: 87/96 MP: 31/31
 23463 | Lair:8   | Entered Level 8 of the Lair of Beasts
 23499 | Lair:8   | Reached skill level 3 in Shields
 23847 | Lair:8   | Noticed Rupert
 23876 | Lair:8   | Killed Rupert
 23876 | Lair:8   | Reached skill level 4 in Shields
 23986 | Lair:8   | Reached skill level 5 in Shields
 24716 | Lair:8   | Noticed Maud
 24733 | Lair:8   | Killed Maud
 24733 | Lair:8   | Reached skill level 10 in Conjurations
 25475 | D:9      | Found a staircase to the Orcish Mines.
 25707 | D:9      | Noticed Erolcha
 25721 | D:9      | Killed Erolcha
 25721 | D:9      | Reached skill level 9 in Fire Magic
 26098 | D:9      | Found a deep blue altar of Sif Muna.
 26280 | D:10     | Entered Level 10 of the Dungeon
 26534 | D:10     | Reached skill level 4 in Fighting
 26756 | D:10     | Noticed Psyche
 26766 | D:10     | Killed Psyche
 26829 | D:10     | Noticed Grum
 26834 | D:10     | Killed Grum
 27194 | D:10     | Noticed Harold
 27204 | D:10     | Killed Harold
 27204 | D:10     | Reached skill level 5 in Fighting
 27968 | D:11     | Got a pitted jade ring
 28194 | D:11     | Found Gauqu's Distillery.
 28203 | D:11     | Bought a potion of curing for 42 gold pieces
 28203 | D:11     | Bought a potion of curing for 42 gold pieces
 28203 | D:11     | Bought a potion of curing for 42 gold pieces
 28512 | D:11     | Identified the ring of Plaowops {+Fly rF+ Str+4 Int+4} (You found it on level 11 of the Dungeon)
 28546 | D:12     | Got a heavily runed shield
 28586 | D:12     | Identified the cursed -4 shield of Melancholy {Str+4} (You found it on level 12 of the Dungeon)
 29328 | Orc:1    | Entered Level 1 of the Orcish Mines
 29426 | Orc:1    | Found Fakk's Distillery.
 29429 | Orc:1    | Bought a potion of curing for 42 gold pieces
 30057 | Orc:2    | Noticed Maurice
 30062 | Orc:2    | Killed Maurice
 30701 | Orc:1    | Noticed Eustachio
 30706 | Orc:1    | Killed Eustachio
 30710 | Orc:1    | Reached skill level 11 in Long Blades
 31539 | Orc:3    | Reached XP level 14. HP: 58/107 MP: 3/32
 31855 | Orc:4    | Entered Level 4 of the Orcish Mines
 32131 | Orc:4    | Noticed Erica
 32593 | Orc:4    | Killed Erica
 32768 | Orc:4    | Found a staircase to the Elven Halls.
 32794 | Orc:4    | Paralysed by an orc sorcerer for 6 turns
 33485 | Orc:4    | Reached skill level 12 in Long Blades
 34117 | Orc:4    | Found Ilapp's Assorted Antiques.
 34121 | Orc:4    | Found Klarghah's General Store.
 34132 | Orc:4    | Found Toozo's General Store.
 34132 | Orc:4    | Found Smeylen's Antique Weapon Boutique.
 34138 | Orc:4    | Bought a scroll labeled PES EPUINOLOIM for 28 gold pieces
 34138 | Orc:4    | Bought a dazzling leather armour for 196 gold pieces
 34138 | Orc:4    | Bought a runed buckler for 126 gold pieces
 34182 | Orc:4    | Bought 2 potions of heal wounds for 140 gold pieces
 35145 | D:13     | Reached skill level 13 in Long Blades
 36213 | D:13     | Found a gate to the Vaults.
 36240 | D:13     | Identified the +3 leather armour of Gehenna {rElec MP+9 Dex+4} (You bought it in a shop on level 4 of the Orcish Mines)
 36858 | D:14     | Learned a level 2 spell: Repel Missiles
 36861 | D:14     | Learned a level 2 spell: Swiftness
 36964 | D:14     | Reached skill level 14 in Long Blades
 37436 | D:15     | Entered Level 15 of the Dungeon
 37468 | D:15     | Reached skill level 6 in Fighting
 37506 | D:15     | Found a staircase to the Depths.
 38091 | D:15     | Reached skill level 7 in Fighting
 38413 | D:15     | Got an ominously black robe
 38424 | D:15     | Identified the cursed -5 robe of Freedom {MR- MP+9 Dex+3} (You found it on level 15 of the Dungeon)
 38767 | D:15     | Reached skill level 8 in Fighting
 39199 | D:15     | Reached XP level 15. HP: 99/121 MP: 19/32
 39365 | D:15     | Learned a level 4 spell: Fulminant Prism
 39641 | Lair:2   | Learned a level 3 spell: Mephitic Cloud
 39647 | Lair:2   | Learned a level 5 spell: Venom Bolt
 39717 | Snake:1  | Entered Level 1 of the Snake Pit
 39919 | Snake:1  | Reached skill level 10 in Dodging
 40654 | Snake:1  | HP: 30/121 [greater naga/poison arrow (32)]
 40655 | Snake:1  | Reached skill level 8 in Spellcasting
 41459 | Snake:2  | Learned a level 2 spell: Cure Poison
 42042 | Snake:1  | Reached skill level 9 in Spellcasting
 43206 | Snake:2  | Learned a level 3 spell: Regeneration
 43468 | Snake:3  | HP: 30/121 [poisoned by a naga ritualist (splash of poison)]
 43874 | Snake:3  | Reached skill level 1 in Poison Magic
 43907 | Snake:3  | Reached skill level 2 in Poison Magic
 44121 | Snake:3  | Reached skill level 3 in Poison Magic
 44278 | Snake:3  | Reached skill level 4 in Poison Magic
 44703 | Snake:4  | Identified a scroll of acquirement
 44704 | Snake:4  | Got a steaming plate armour
 44715 | Snake:4  | Identified the -2 plate armour of Shra Sixa {MR+ rCorr} (You acquired it on level 4 of the Snake Pit)
 44873 | Snake:4  | Reached skill level 5 in Poison Magic
 45347 | Snake:4  | Got a pair of fine gloves
 45492 | Snake:4  | Reached skill level 1 in Charms
 45528 | Snake:4  | Reached skill level 1 in Air Magic
 45979 | Snake:5  | Entered Level 5 of the Snake Pit
 46039 | Snake:5  | Reached skill level 2 in Charms
 46039 | Snake:5  | Reached skill level 2 in Air Magic
 46332 | Snake:5  | Reached skill level 3 in Air Magic
 46494 | Snake:5  | Reached skill level 3 in Charms
 46701 | Snake:5  | Reached XP level 16. HP: 120/128 MP: 25/35
 46725 | Snake:5  | Identified the cursed -4 pair of gloves of Proximity {rPois Str-2 Int+9} (You found it on level 4 of the Snake Pit)
 46847 | Snake:5  | Reached skill level 4 in Air Magic
 47100 | Snake:5  | Reached skill level 4 in Charms
 47768 | Snake:5  | Reached skill level 5 in Charms
 47890 | Snake:5  | Reached skill level 5 in Air Magic
 47993 | Snake:5  | Reached skill level 11 in Dodging
 48333 | Snake:5  | Reached skill level 7 in Armour
 48420 | Snake:5  | HP: 24/128 [greater naga/flail (10)]
 48951 | Snake:5  | Noticed Donald
 48980 | Snake:5  | Killed Donald
 49130 | Snake:5  | Reached skill level 8 in Armour
 49701 | Snake:5  | Got a serpentine rune of Zot
 49918 | Snake:5  | Reached skill level 12 in Dodging
 50452 | Swamp:1  | Entered Level 1 of the Swamp
 50518 | Swamp:1  | Got a shimmering chain mail
 50703 | Swamp:1  | Reached skill level 6 in Shields
 51325 | Swamp:1  | Reached skill level 7 in Shields
 52450 | Swamp:2  | Found a glowing golden altar of the Shining One.
 52853 | Swamp:2  | Reached skill level 8 in Shields
 53801 | Swamp:3  | Identified the +4 chain mail of the Eight Mice {+Inv} (You found it on level 1 of the Swamp)
 54119 | Swamp:3  | Reached skill level 9 in Shields
 54119 | Swamp:3  | Reached XP level 17. HP: 128/136 MP: 36/36
 54253 | Swamp:3  | Paralysed by a hornet for 3 turns
 54258 | Swamp:3  | Paralysed by a hornet for 3 turns
 54258 | Swamp:3  | HP: 26/136 [eight-headed hydra (9)]
 54258 | Swamp:3  | HP: 4/136 [eight-headed hydra (12)]
 54258 | Swamp:3  | Slain by an eight-headed hydra

Action                   |  1- 3 |  4- 6 |  7- 9 | 10-12 | 13-15 | 16-18 || total
-------------------------+-------+-------+-------+-------+-------+-------++-------
Melee: Unarmed           |    13 |       |       |       |       |       ||    13
       Dagger            |    56 |     2 |       |       |       |       ||    58
       Flail             |       |    78 |     6 |       |       |       ||    84
       Dire flail        |       |     6 |   128 |       |       |       ||   134
       Scimitar          |       |       |   161 |   671 |  1382 |   481 ||  2695
 Cast: Flame Tongue      |   107 |   101 |    16 |     7 |    17 |       ||   248
       Conjure Flame     |     1 |     2 |     6 |       |    22 |     6 ||    37
       Sticky Flame      |       |     3 |    61 |   164 |   300 |   112 ||   640
       Fireball          |       |       |       |    18 |   176 |    83 ||   277
       Repel Missiles    |       |       |       |       |     4 |     4 ||     8
       Cure Poison       |       |       |       |       |    12 |    25 ||    37
       Regeneration      |       |       |       |       |     6 |    21 ||    27
       Venom Bolt        |       |       |       |       |     5 |       ||     5
       Mephitic Cloud    |       |       |       |       |     1 |     1 ||     2
       Swiftness         |       |       |       |       |       |     2 ||     2
Evoke: Wand              |       |       |       |     3 |     2 |       ||     5
  Use: Potion            |       |     4 |     1 |     2 |     7 |     5 ||    19
       Scroll            |       |       |     8 |    11 |    25 |     7 ||    51
 Stab: Sleeping          |       |     1 |     1 |     1 |     1 |       ||     4
       Distracted        |       |       |       |       |     1 |       ||     1
  Eat: Chunk             |     7 |    13 |    27 |    40 |    76 |    19 ||   182
       Beef jerky        |       |       |     4 |     8 |     1 |     1 ||    14
       Pizza             |       |       |     1 |     2 |       |     1 ||     4
       Royal jelly       |       |       |       |     1 |     1 |       ||     2
       Fruit             |       |       |       |     6 |    23 |       ||    29
       Meat ration       |       |       |       |       |     2 |     3 ||     5
       Bread ration      |       |       |       |       |     1 |       ||     1

Vault maps used:
D:1:      scummos_arrival_star, minmay_crystal_room
D:2:      serial_park_square1
D:3:      grunt_temple_overflow_lords_of_destruction,
          nicolae_gozag_zags_fifth_avenue, grunt_temple_overflow_open,
          cheibriados_altar_1, uniq_robin
D:4:      uniq_edmund
D:5:      first_bread
D:6:      trog_eyes_of_draining, uniq_blork_the_orc
D:7:      serial_shops, nicolae_shop_statue_plus, kennysheep_little_box,
          shop_statue, kennysheep_mini_moat, nicolae_shop_trees, grunt_ogre_cave
D:8:      nicolae_overflow_hidden_temple, cheibrodos_ashenzari_chains,
          erik_lair_dragon, enter_bailey_3, uniq_joseph
D:9:      nicolae_overflow_crystal_walls, zombieorc2_lemuel, uniq_erolcha
D:10:     onia_ninara_cookie, uniq_harold, uniq_psyche, uniq_grum
D:11:     serial_shops, shop, minmay_nine_imps
D:12:     serial_undead, serial_undead_c, serial_undead_e, serial_undead_c,
          serial_undead_b, lemuel_nasty_fountain
D:13:     grunt_vaults_entry_fortified, lemuel_nasty_fountain
D:14:     serial_park_square2, minmay_misc_feat_rows, grunt_ministairs_5
D:15:     gammafunk_depths_entry_grave, hangedman_decor_slide_cut
Lair:1:   special_room, lab_entry_generic, serial_bayou_lagoon_a,
          grunt_megastairs_4, serial_bayou_shore_a, uniq_fannar
Lair:2:   st_stairs_8, beast_lair_carwin_3, lemuel_fruit_fields
Lair:3:   statuecave_lemuel, guppyfry_snake_entry_garden
Lair:5:   roderic_ravens_nest, infiniplex_staircase_pool
Lair:6:   swamp_mist_pool, wad_woods_river_01, infiniplex_staircase_pool_2
Lair:7:   slime_altar_1
Lair:8:   evilmike_catoblepas_cave, uniq_maud, uniq_rupert
Swamp:1:  evilmike_swamp_ruin_house_5, swamp_pool4, hangedman_swamp_pad
Swamp:2:  evilmike_swamp_ruin_rubble_2, swamp_pool2, nicolae_swamp_godswood
Swamp:3:  evilmike_swamp_ruin_house_1
Snake:1:  lemuel_fruit_tree, grunt_megastairs_2
Snake:3:  portal_ice_cave_entry_ice_beasts
Snake:4:  serial_bayou_shore_b
Snake:5:  minmay_snake_end_coiled, uniq_donald
Orc:1:    serial_shops, nicolae_shop_trees, nicolae_orc_pool_cavern,
          nicolae_orc_damp_corner, mines2_lemuel, uniq_eustachio
Orc:2:    nicolae_orc_stony_grotto, uniq_maurice
Orc:4:    grunt_orc_tribal_feast, uniq_erica

Table legend:
 A = Turns spent in this place as a percentage of turns spent in the entire game.
 B = Non-inter-level travel turns spent in this place as a percentage of non-inter-level travel turns spent in the entire game.
 C = Inter-level travel turns spent in this place as a percentage of turns spent in this place.
 D = Turns resting spent in this place as a percentage of non-inter-level travel turns spent in this place.
 E = Turns spent auto-exploring this place as a percentage of non-inter-level travel turns spent in this place.
 F = Non-inter-level travel turns spent in this place divided by the number of levels of this place that you've seen.
                   A       B       C       D       E      F
               +-------+-------+-------+-------+-------+----------------------
         Total | 100.0 | 100.0 |   0.5 |   4.6 |   7.1 | 510.2
       Dungeon |  42.7 |  42.8 |   0.4 |   4.8 |   6.9 | 509.4
          Lair |  19.9 |  19.8 |   1.1 |   3.4 |   8.2 | 441.4
         Swamp |   6.2 |   6.2 |   0.3 |   5.4 |   6.4 | 367.3
     Snake Pit |  20.3 |  20.3 |   0.4 |   6.2 |   5.7 | 725.0
  Orcish Mines |  11.0 |  11.0 |   0.5 |   2.4 |   8.2 | 489.8
               +-------+-------+-------+-------+-------+----------------------

Table legend:
 A = Kills in this place as a percentage of kills in entire the game.
 B = Kills by you in this place as a percentage of kills by you in the entire game.
 C = Kills by friends in this place as a percentage of kills by friends in the entire game.
 D = Other kills in this place as a percentage of other kills in the entire game.
 E = Experience gained in this place as a percentage of experience gained in the entire game.
 F = Experience gained in this place divided by the number of levels of this place that you have seen.
                   A       B       C       D       E      F
               +-------+-------+-------+-------+-------+----------------------
         Total | 100.0 | 100.0 |  -nan | 100.0 | 100.0 | 7344.3
       Dungeon |  39.5 |  39.5 |  -nan |   0.0 |  23.5 | 4020.4
          Lair |  20.9 |  21.0 |  -nan |   0.0 |  19.0 | 6115.9
         Swamp |   5.5 |   5.5 |  -nan |   0.0 |  10.1 | 8623.7
     Snake Pit |  15.8 |  15.8 |  -nan | 100.0 |  41.6 | 21377.0
  Orcish Mines |  18.2 |  18.3 |  -nan |   0.0 |   5.9 | 3765.0
               +-------+-------+-------+-------+-------+----------------------
